AoeStats
← BHA-1

Arena

506325630Analyzed
2v2 RM · 19d ago on Sep 13, 2026· 118m 8s· 4 players
Game mode
Random Map
Map size
Medium (4 player)
Population
200
Speed
Normal
Resources
Standard
Victory
Conquest
Starting age
Dark Age
Ending age
Imperial Age
RankedLock teamsTeams togetherTeam positionsShared explorationLock speedFull tech treeHidden civsTurbo modeCheats
Victory
Defeat
🇨🇳 Turks · China
997
+15
🇨🇳 Spanish · China
920
+18
🇦🇺 Teutons · Australia
994
-18
🇦🇺 Spanish · Australia
931
-15
nmcdo71
11:03 Feudal Age
11:21 Loom
15:20 Castle Age
14:16 Double-Bit Axe
27:09 Wheelbarrow
33:33 Bloodlines
33:25 Husbandry
37:15 Hand Cart
42:53 Redemption
45:59 Sanctity
45:50 Horse Collar
46:25 Bow Saw
48:57 Imperial Age
49:20 Ballistics
51:42 Heresy
51:38 Fervor
51:44 Block Printing
53:35 Chemistry
52:33 Murder Holes
55:10 Theocracy
55:12 Illumination
54:52 Atonement
54:49 Herbal Medicine
60:43 Pikeman
61:09 Arson
72:45 Two-Man Saw
74:00 Squires
76:33 Thumb Ring
76:32 Elite Skirmisher
78:23 Halberdier
79:06 Scale Mail Armor
82:23 Forging
82:30 Chain Mail Armor
86:32 Fletching
86:43 Padded Archer Armor
87:31 Iron Casting
88:00 Bodkin Arrow
88:21 Leather Archer Armor
88:37 Plate Mail Armor
92:13 Blast Furnace
91:13 Bracer
91:44 Ring Archer Armor
96:09 Caravan
118:19 Scale Barding Armor
BHA-1
8:41 Loom
12:25 Feudal Age
17:07 Castle Age
15:45 Double-Bit Axe
15:42 Horse Collar
21:48 Gold Mining
23:38 Forging
23:39 Scale Barding Armor
23:44 Forging
27:52 Bow Saw
27:43 Heavy Plow
30:06 Wheelbarrow
29:17 Town Watch
31:06 Hand Cart
30:45 Elite Skirmisher
38:04 Imperial Age
35:54 Fletching
36:04 Padded Archer Armor
38:23 Bodkin Arrow
38:43 Leather Archer Armor
38:24 Stone Mining
39:21 Conscription
38:28 Capped Ram
40:24 Crop Rotation
44:23 Cavalier
45:14 Bloodlines
45:35 Bloodlines
46:03 Iron Casting
45:48 Chain Barding Armor
45:59 Ring Archer Armor
47:47 Paladin
50:38 Fortified Wall
50:51 Ballistics
50:42 Fortified Wall
50:38 Siege Engineers
50:44 Masonry
54:46 Chemistry
59:31 Blast Furnace
59:06 Plate Barding Armor
75:38 Heavy Scorpion
77:32 Ironclad
83:17 Pikeman
83:58 Squires
84:34 Halberdier
85:32 Scale Mail Armor
86:28 Chain Mail Armor
99:01 Hoardings
99:08 Hoardings
109:13 Plate Mail Armor
1510232110
0:28 Loom
11:53 Feudal Age
17:38 Castle Age
18:24 Bloodlines
22:27 Scale Barding Armor
35:28 Double-Bit Axe
38:33 Horse Collar
41:14 Husbandry
41:36 Chain Barding Armor
43:18 Wheelbarrow
45:14 Bow Saw
45:24 Hand Cart
46:30 Ballistics
49:29 Imperial Age
47:51 Heavy Plow
48:24 Forging
51:46 Cavalier
54:22 Plate Barding Armor
55:22 Iron Casting
56:11 Paladin
59:22 Blast Furnace
62:10 Pikeman
62:50 Squires
62:36 Gambesons
63:13 Scale Mail Armor
64:03 Halberdier
73:30 Squires
73:15 Gambesons
77:45 Two-Man Saw
76:25 Onager
81:39 Stone Mining
81:39 Gold Mining
82:50 Masonry
88:31 Chain Mail Armor
87:41 Light Cavalry
88:30 Caravan
91:10 Plate Mail Armor
94:01 Guard Tower
96:08 Keep
95:28 Arrowslits
96:44 Architecture
99:44 Murder Holes
100:57 Chemistry
101:55 Padded Archer Armor
101:46 Fletching
102:13 Fortified Wall
102:26 Bombard Tower
113:35 Hussar
115:12 Leather Archer Armor
114:52 Bodkin Arrow
1725629104
14:52 Feudal Age
15:58 Double-Bit Axe
15:55 Horse Collar
16:52 Wheelbarrow
20:36 Castle Age
21:50 Bow Saw
21:42 Heavy Plow
25:00 Imperial Age
24:59 Loom
26:49 Fletching
32:05 Two-Man Saw
34:45 Padded Archer Armor
38:45 Husbandry
38:55 Bloodlines
38:54 Scale Barding Armor
39:06 Leather Archer Armor
39:59 Heavy Camel Rider
46:43 Hand Cart
52:11 Chain Barding Armor
52:01 Forging
52:11 Gold Mining
52:14 Stone Mining
53:29 Capped Ram
56:12 Gold Shaft Mining
70:11 Plate Barding Armor
70:14 Iron Casting
79:03 Capped Ram
80:40 Caravan
81:00 Siege Ram
82:09 Elite Janissary
82:51 Artillery
100:24 Ballistics
105:48 Ring Archer Armor
105:14 Bodkin Arrow
106:20 Blast Furnace
107:31 Artillery
109:36 Coinage
Connection lost

Rejoining the realm…

Still unreachable

The connection could not be restored.

Session expired

The server has moved on; the page needs a fresh start.